 Dungeon Sprint DCSS version 0.29.1-4-g47bece8355 (webtiles) character file.

Game seed: 12500014563372867913

3292 boopmooplesden the Fencer (level 9, -1/101 HPs)
             Began as a Minotaur Berserker on Dec 6, 2022.
             Was an Elder of Trog.
             Succumbed to a redback's poison
             ... in the Dungeon (Sprint I: "Red Sonja").
             The game lasted 00:02:37 (1801 turns).

boopmooplesden the Fencer (Minotaur Berserker)      Turns: 1801, Time: 00:02:38

Health: -1/101     AC:  8    Str: 18    XL:     9   Next: 69%
Magic:  8/8        EV: 15    Int:  4    God:    Trog [****..]
Gold:   216        SH:  0    Dex: 17    Spells: 8/8 levels left

rFire   . . .      SeeInvis .   a - +0 falchion
rCold   . . .      Faith    .   (no shield)
rNeg    + + +      Spirit   .   m - +1 leather armour of Restlessness {rPois rN++ Str-5 Dex+4}
rPois   +          Reflect  .   (helmet restricted)
rElec   .          Harm     .   l - +2 cloak of Cewkarice {rN+}
rCorr   .          Rampage  .   (no gloves)
Will    ++...      NoTele   +   (no boots)
Stlth   ++........              (no amulet)
HPRegen 1.26/turn               (no ring)
MPRegen 0.11/turn               (no ring)

@: lethally poisoned (-1 -> -19), strong-willed, on berserk cooldown,
regenerating, slowed, very slow
A: horns 2, retaliatory headbutt
a: Renounce Religion, Berserk, Trog's Hand, Brothers in Arms


You were in the Dungeon.
You worshipped Trog.
Trog was greatly pleased with you.
You visited 1 branch You collected 513 gold pieces.
You spent 297 gold pieces at shops.

Inventory:

Hand Weapons
 a - a +0 falchion (weapon)
Armour
 b - a +0 animal skin
 j - a +0 ring mail
 l - the +2 cloak of Cewkarice (worn) {rN+}
   (You bought it in a shop in the Dungeon)

   rN:        It protects you from negative energy.
 m - the +1 leather armour of Restlessness (worn) {rPois rN++ Str-5 Dex+4}
   (You bought it in a shop in the Dungeon)

   Str:       It affects your strength (-5).
   Dex:       It affects your dexterity (+4).
   rPois:     It protects you from poison.
   rN:        It greatly protects you from negative energy.
Wands
 i - a wand of roots (1)
Scrolls
 h - a scroll of blinking
 k - a scroll of immolation {unknown}
Potions
 d - a potion of invisibility {unknown}
 e - a potion of haste
 f - 2 potions of magic
 g - 2 potions of berserk rage


   Skills:
 + Level 16.4 Fighting
 + Level 17.1 Long Blades
 + Level 10.2 Armour
 + Level 7.2 Dodging
 + Level 2.6 Stealth
 + Level 2.2 Evocations


You had 8 spell levels left.
You didn't know any spells.
Your spell library was empty.

Dungeon Overview and Level Annotations

Branches:
Dungeon (1/1)

Altars:
Cheibriados
Dithmenos
Elyvilon
Fedhas
Gozag
Hepliaklqana
Kikubaaqudgha
Makhleb
Nemelex Xobeh
Okawaru
Qazlal
Ru
Sif Muna
Trog
Uskayaw
Vehumet
Wu Jian
Xom
Yredelemnul
Zin
The Shining One
Jiyva
Lugonu

Shops:
D [


Innate Abilities, Weirdness & Mutations

You have a pair of horns on your head.
You reflexively headbutt those who attack you in melee.


Message History

The redback misses you.
You feel better. The redback misses you. The redback completely misses you.
You furiously retaliate!
You headbutt the redback.
Your two-headed ogre barely misses the redback.
Your two-headed ogre hits the redback with a +0 giant club!!
The redback dies!
Trog accepts your kill.
You can now call in reinforcements.
The redback bites you!
* * * LOW HITPOINT WARNING * * *
Your Long Blades skill increases to level 17!
Unknown command.
What are your orders? t - Shout!
Orders for allies: a - Attack new target. r - Retreat! s - Stop attacking. g - Guard the area. f - Follow me.
Anything else - Cancel.
Gang up on whom?
Press: ? - help, Dir - move target, f - redback
Aim: a redback (lightly wounded) Attack!
The redback bites you!
* * * LOW HITPOINT WARNING * * *
You are lethally poisoned!
The redback poisons you!
Your two-headed ogre hits the redback with a +0 giant spiked club!
Your two-headed ogre hits the redback with a +0 giant club!!
The redback dies!
Trog accepts your kill.
There is a lethal amount of poison in your body!
There is a lethal amount of poison in your body!
Unknown command.
You are no longer corroded.
* * * LOW HITPOINT WARNING * * *
You feel extremely sick.
There is an open door here.
You see here a redback corpse.
Okay, then.
Your skin crawls.
You feel strong-willed.
You die...

###################
..#..'..#__#..)...#
..').#..'..'..#)..#
#'#####'#__####...+
..#...#)####..#####
###..##[#~~~.§#§.#
__##'#_.§§§§.§'§.#
...'..._#~~§..#§§#
__##_.#'##+#####@###
__###+#.# #.O$# ###
### ###§# .# $# s#
§#


You could see a friendly two-headed ogre (summoned, berserk).

Vanquished Creatures
  2 centaur warriors (D)
  An oklob plant (D)
  2 kobold demonologists (D)
  A hornet (D)
  A slime creature (D)
  Sigmund (D)
  A yak (D)
  A floating eye (D)
  An ogre (D)
  A jelly (D)
  Ijyb (D)
13 creatures vanquished.

Vanquished Creatures (collateral kills)
  2 redbacks (D)
2 creatures vanquished.

Grand Total: 15 creatures vanquished

Notes
Turn   | Place    | Note
-------+----------+-------------------------------------------
     0 | D        | boopmooplesden the Minotaur Berserker began the quest for
                  | the Orb.
     0 | D        | Reached XP level 1. HP: 19/19 MP: 0/0
     2 | D        | Noticed Ijyb
    11 | D        | Killed Ijyb
    12 | D        | Reached skill level 5 in Fighting
    12 | D        | Reached skill level 5 in Long Blades
    12 | D        | Reached XP level 2. HP: 13/29 MP: 1/1
   316 | D        | Noticed an ogre
   320 | D        | Killed an ogre
   321 | D        | Reached skill level 7 in Long Blades
   321 | D        | Reached XP level 3. HP: 40/40 MP: 2/2
   321 | D        | Reached XP level 4. HP: 48/48 MP: 3/3
   479 | D        | Noticed Sigmund
   484 | D        | Killed Sigmund
   484 | D        | Reached ** piety under Trog
   485 | D        | Reached skill level 10 in Long Blades
   485 | D        | Reached skill level 5 in Armour
   485 | D        | Reached XP level 5. HP: 58/58 MP: 4/4
   485 | D        | Reached XP level 6. HP: 66/66 MP: 5/5
   593 | D        | Found a burning altar of Makhleb.
   593 | D        | Found a viscous altar of Jiyva.
   593 | D        | Found a shimmering altar of Xom.
   593 | D        | Found a corrupted altar of Lugonu.
   593 | D        | Noticed a slime creature
   602 | D        | Killed a slime creature
   603 | D        | Reached skill level 11 in Long Blades
   603 | D        | Reached skill level 5 in Dodging
   712 | D        | Noticed a kobold demonologist
   713 | D        | Noticed a floating eye
   715 | D        | Noticed a hellwing
   715 | D        | Paralysed by a floating eye for 3 turns
   715 | D        | Noticed a kobold demonologist
   718 | D        | Noticed a chaos spawn
   718 | D        | Killed a floating eye
   719 | D        | Reached skill level 12 in Long Blades
   719 | D        | Reached XP level 7. HP: 75/75 MP: 6/6
   728 | D        | Killed a kobold demonologist
   728 | D        | Reached *** piety under Trog
   729 | D        | Reached skill level 13 in Long Blades
   729 | D        | Reached skill level 1 in Stealth
   729 | D        | Reached skill level 1 in Evocations
   733 | D        | Noticed a red devil
   734 | D        | Killed a kobold demonologist
   735 | D        | Reached XP level 8. HP: 74/86 MP: 2/7
  1033 | D        | Found an ornate altar of the Wu Jian Council.
  1033 | D        | Found a shimmering blue altar of Sif Muna.
  1035 | D        | Found a radiant altar of Vehumet.
  1069 | D        | Found Heohatit's Antique Armour Emporium.
  1069 | D        | Found an ancient bone altar of Kikubaaqudgha.
  1069 | D        | Found a hazy altar of Hepliaklqana.
  1069 | D        | Found a stormy altar of Qazlal.
  1069 | D        | Found a hide-covered altar of Uskayaw.
  1069 | D        | Found a blossoming altar of Fedhas.
  1069 | D        | Found a bloodstained altar of Trog.
  1069 | D        | Found an iron altar of Okawaru.
  1069 | D        | Found a basalt altar of Yredelemnul.
  1069 | D        | Found a glowing golden altar of the Shining One.
  1069 | D        | Found a snail-covered altar of Cheibriados.
  1069 | D        | Found a sacrificial altar of Ru.
  1069 | D        | Found a glowing silver altar of Zin.
  1069 | D        | Found a shadowy altar of Dithmenos.
  1069 | D        | Found a white marble altar of Elyvilon.
  1075 | D        | Reached **** piety under Trog
  1076 | D        | Reached skill level 14 in Long Blades
  1076 | D        | Found an opulent altar of Gozag.
  1077 | D        | Found a sparkling altar of Nemelex Xobeh.
  1081 | D        | Bought a crude cloak for 171 gold pieces
  1081 | D        | Identified the +2 cloak of Cewkarice {rN+} (You bought it
                  | in a shop in the Dungeon)
  1081 | D        | Bought a steaming leather armour for 126 gold pieces
  1081 | D        | Identified the +1 leather armour of Restlessness {rPois
                  | rN++ Str-5 Dex+4} (You bought it in a shop in the Dungeon)
  1105 | D        | Noticed a centaur warrior
  1105 | D        | Noticed a centaur warrior
  1118 | D        | Killed a centaur warrior
  1119 | D        | Reached skill level 15 in Long Blades
  1120 | D        | Killed a centaur warrior
  1121 | D        | Reached skill level 15 in Fighting
  1121 | D        | Reached skill level 16 in Long Blades
  1121 | D        | Reached XP level 9. HP: 30/97 MP: 8/8
  1779 | D        | Noticed an oklob plant
  1789 | D        | Killed an oklob plant
  1790 | D        | Reached skill level 10 in Armour
  1799 | D        | Reached skill level 17 in Long Blades
  1801 | D        | Succumbed to a redback's poison

Illustrated notes

Levels and vault maps discovered:
D:        dungeon_sprint_1 [red_sonja_temple_1, red_sonja_temple_small_1]

Skill      XL: |  1  2  3  4  5  6  7  8  9 |
---------------+----------------------------+-----
Fighting       | 5 7 9 11 13 15 16 | 16.4
Long Blades    | 5 7 10 12 13 16 17 | 17.1
Armour         | 3 4 5 6 8 9 10 | 10.2
Dodging        | 3 4 5 6 7 |  7.2
Stealth        | 1 2 |  2.6
Evocations     | 1 2 |  2.2

Action                   |  1- 3 |  4- 6 |  7- 9 || total
-------------------------+-------+-------+-------++-------
Melee: Falchion          |    11 |    12 |    46 ||    69
       Headbutt          |     1 |     1 |    15 ||    17
       Punch             |       |       |     2 ||     2
Invok: Berserk           |     2 |     3 |     3 ||     8
       Trog's Hand       |       |       |     1 ||     1
       Brothers in Arms  |       |       |     1 ||     1
Evoke: Wand              |       |     2 |     1 ||     3
  Use: Potion            |       |       |     2 ||     2
Armor: Ring mail         |       |     1 |     3 ||     4
       Leather armour    |       |       |     3 ||     3
Dodge: Dodged            |     3 |     1 |    19 ||    23
